 Dungeon Crawl Stone Soup version 0.28-a0-422-gd71735cc25 (webtiles) character file.

Game seed: 7447955964284883826

119 Sweetruy1997 the Chopper (level 5, -6/46 HPs)
             Began as a Hill Orc Monk on Sept 8, 2021.
             Mangled by a gnoll (8 damage)
             ... on level 3 of the Dungeon.
             The game lasted 00:05:33 (2456 turns).

Sweetruy1997 the Chopper (Hill Orc Monk)            Turns: 2456, Time: 00:05:34

Health: -6/46      AC:  6    Str: 14    XL:     5   Next: 3%
Magic:  5/5        EV: 10    Int: 10    God:
Gold:   120        SH:  0    Dex: 14    Spells: 4/4 levels left

rFire   x . .      SeeInvis .   a - +0 hand axe
rCold   + . .      Faith    .   (no shield)
rNeg    . . .      Spirit   .   c - +0 scale mail
rPois   .          Reflect  .   (no helmet)
rElec   .          Harm     .   (no cloak)
rCorr   .          Rampage  .   (no gloves)
Will    .....                   (no boots)
Stlth   ..........              (no amulet)
HPRegen 0.15/turn               i - ring of ice
MPRegen 0.09/turn               (no ring)

@: no status effects
A: no striking features
a: no special abilities


You were on level 3 of the Dungeon.
You visited 1 branch of the dungeon, and saw 3 of its levels.

You collected 120 gold pieces.

Inventory:

Hand Weapons
 a - a +0 hand axe (weapon)
Missiles
 l - 3 boomerangs (quivered)
Armour
 c - a +0 scale mail (worn)
Jewellery
 i - a ring of ice (left hand)
Scrolls
 d - 2 scrolls of teleportation
 e - a scroll of amnesia {unknown}
 h - a scroll of enchant armour
Potions
 b - 2 potions of attraction
 f - a potion of haste
 g - a potion of mutation {unknown}
 j - a potion of flight {unknown}
 k - a potion of might {unknown}


   Skills:
 - Level 4.0 Fighting
 + Level 6.2 Axes
 - Level 1.0 Armour
 - Level 3.0 Dodging
 + Level 1.6 Stealth


You had 4 spell levels left.
You didn't know any spells.
Your spell library was empty.

Dungeon Overview and Level Annotations

Branches:
Dungeon (3/15)

Altars:
Fedhas


Message History

You hit the gnoll.
The gnoll is lightly wounded.
The gnoll hits you with a +0 club.
You hit the gnoll but do no damage.
The gnoll is lightly wounded.
The gnoll closely misses you.
You hit the gnoll but do no damage.
The gnoll is lightly wounded.
The gnoll hits you with a +0 club.
You closely miss the gnoll.
The gnoll is lightly wounded.
The gnoll hits you with a +0 club.
You hit the gnoll.
The gnoll is heavily wounded.
The gnoll hits you with a +0 club.
You closely miss the gnoll.
The gnoll is heavily wounded.
The gnoll barely misses you.
You hit the gnoll.
The gnoll is severely wounded.
The gnoll closely misses you.
You closely miss the gnoll.
The gnoll is severely wounded.
The gnoll hits you with a +0 club.
* * * LOW HITPOINT WARNING * * *
You hit the gnoll.
You kill the gnoll!
The adder bites you but does no damage.
You have reached level 5!
You feel stronger.
You miss the adder. The gnoll closely misses you.
The adder bites you but does no damage.
You hit the adder.
The adder is lightly wounded.
The gnoll hits you from afar with a +0 halberd!
* * * LOW HITPOINT WARNING * * *
The adder barely misses you.
A gnoll comes into view. It is wielding a +0 club.
The gnoll hits you with a +0 club!
You die...

##.....# ....#
#......##....#.#
#..............S
#.....##S###...#
##...###g# #
#..## #g# ##.#
#.#
#g####.###.#.
#.@Sg........#
#.#####.##...#
#. <# .# #. .#
#. .# #. .# #.
## ..


You could see 2 gnolls and an adder.

Vanquished Creatures
  A gnoll (D:3)
  4 adders
  A worm (D:2)
  A dart slug (D:2)
  An orc (D:3)
  5 ball pythons
  5 bats
  7 endoplasms
  2 giant cockroaches
  8 goblins
  2 hobgoblins (D:2)
  6 jackals (D:1)
  7 kobolds
  3 quokkas (D:1)
  A frilled lizard (D:1)
  7 rats
61 creatures vanquished.

Notes
Turn   | Place    | Note
-------+----------+-------------------------------------------
     0 | D:1      | Sweetruy1997 the Hill Orc Monk began the quest for the Orb.
     0 | D:1      | Reached XP level 1. HP: 19/19 MP: 1/1
    63 | D:1      | Reached XP level 2. HP: 9/26 MP: 2/2
   651 | D:1      | Reached XP level 3. HP: 33/33 MP: 3/3
   800 | D:1      | You fall into a shaft and drop 1 floor!
   995 | D:1      | Reached skill level 1 in Armour
  1200 | D:2      | Found a blossoming altar of Fedhas.
  1237 | D:2      | Reached skill level 5 in Axes
  1604 | D:2      | Found a faded altar of an unknown god.
  1668 | D:2      | Reached XP level 4. HP: 40/40 MP: 4/4
  2445 | D:3      | Reached skill level 6 in Axes
  2454 | D:3      | Reached XP level 5. HP: 14/46 MP: 5/5
  2455 | D:3      | HP: 2/46 [gnoll (12)]
  2456 | D:3      | Mangled by a gnoll

Illustrated notes

Levels and vault maps discovered:
D:1:      scummos_arrival_forest, layout_rooms, minmay_pentomino_o2
D:2:      layout_basic, hellmonk_ecumenical_altar_slurped_away, basic_altar,
          hangedman_decor_push
D:3:      layout_loops_ring, nicolae_wu_jian_immortal_techniques,
          lemuel_doored_altar, overflow_temple_1_default,
          mainiacjoe_overflow_boulevard, grunt_temple_overflow_open,
          serial_bayou_pond_d, grunt_ministairs_3, lightli_corner_chamber,
          uniq_sigmund

Skill      XL: |  1  2  3  4 |
---------------+-------------+-----
Armour         | 1 |  1.0
Fighting       | 4 |  4.0
Axes           | 5 6 |  6.2
Dodging        | 3 |  3.0
Stealth        | |  1.6

Action                   |  1- 3 |  4- 6 || total
-------------------------+-------+-------++-------
Melee: Hand axe          |   142 |    79 ||   221
  Use: Scroll            |       |     4 ||     4
Armor: Scale mail        |    82 |    27 ||   109
Dodge: Dodged            |    82 |    41 ||   123

Table legend: (Time is in decaauts)
 A = Elapsed time spent in this place.
 B = Non-inter-level travel time spent in this place.
 C = Inter-level travel time spent in this place.
 D = Time resting spent in this place.
 E = Time spent auto-exploring this place.
 F = Levels seen in this place.
 G = Mean time per level.
                   A        B        C        D        E       F      G
               +--------+--------+--------+--------+--------+-----+--------+
         Total |   2467 |   2421 |     46 |    794 |   1212 |   3 |  822.3 |
       Dungeon |   2467 |   2421 |     46 |    794 |   1212 |   3 |  822.3 |
               +--------+--------+--------+--------+--------+-----+--------+

Top non-repeatable levels by time:
     D:1: 1145 daAuts
     D:2: 1054 daAuts
     D:3: 266 daAuts
